 Dungeon Crawl Stone Soup version 0.27-a0-498-g7ecbb0a48f (webtiles) character file.

Game seed: 4553313606611624610

24665 Anon1729 the Protected (level 13, 0/119 HPs)
             Began as a Hill Orc Fighter on Mar 2, 2021.
             Was a Follower of Beogh (penitent).
             Succumbed to a green death's poison gas
             ... on level 1 of the Abyss.
             The game lasted 01:00:31 (15455 turns).

Anon1729 the Protected (Hill Orc Fighter)          Turns: 15455, Time: 01:00:31

Health: 0/119      AC: 30    Str: 34    XL:     13   Next: 14%
Magic:  21/21      EV:  5    Int: 10    God:    Beogh [*]
Gold:   900        SH: 11    Dex:  6    Spells: 12/12 levels left

rFire    . . .     SeeInvis +   a - +1 war axe
rCold    . . .     Faith    .   c - +0 kite shield
rNeg     . . .     Spirit   .   x - +0 crystal plate armour
rPois    .         Reflect  .   k - +4 helmet of Inviolability {rCorr Str+4 Int+2 Dex-4}
rElec    .         Harm     .   m - +0 cloak
rCorr    +         Rampage  .   (no gloves)
Will     .....                  (no boots)
Stlth    ..........             (no amulet)
HPRegen  0.29/turn              F - ring of see invisible
MPRegen  0.17/turn              Q - +6 ring of strength

@: lethally poisoned (0 -> -80), attractive, hasted and slowed
A: no striking features
a: Renounce Religion


You were on level 1 of the Abyss.
You worshipped Beogh.
Beogh was demanding penance.
You visited 1 branch of the dungeon, and saw 15 of its levels.
You visited the Abyss 2 times.
You also visited: Bailey.

You collected 900 gold pieces.

Inventory:

Hand Weapons
 a - a +1 war axe (weapon)
 f - a +1 dagger of speed
 B - a +0 broad axe
 P - a +1 war axe of distortion
Missiles
 i - 66 poisoned darts (quivered)
 j - 161 bolts
Armour
 b - a +0 scale mail
 c - a +0 kite shield (worn)
 k - the +4 helmet of Inviolability (worn) {rCorr Str+4 Int+2 Dex-4}
   (You found it in a bailey)

   It affects your strength (+4).
   It affects your intelligence (+2).
   It affects your dexterity (-4).
   It provides partial protection from all sources of acid and corrosion.
 m - a +0 cloak (worn)
 n - the +4 plate armour "Looxkor" {Harm rElec rF- Dex+5}
   (You found it in a bailey)

   It affects your dexterity (+5).
   It makes you vulnerable to fire.
   It insulates you from electricity.
   It increases damage dealt and taken.
 v - a +3 chain mail
 x - a +0 crystal plate armour (worn)
Magical Staves
 o - a staff of poison
Jewellery
 e - a ring of willpower
 r - a +6 ring of dexterity
 A - a ring of protection from cold
 F - a ring of see invisible (left hand)
 Q - a +6 ring of strength (right hand)
Wands
 s - a wand of flame (32)
 y - a wand of random effects (28)
 E - a wand of digging (3)
 I - a wand of iceblast (4)
 O - a wand of polymorph (6)
Scrolls
 g - 2 scrolls of enchant weapon
 h - 3 scrolls of fear
 z - a scroll of immolation
 H - 4 scrolls of random uselessness
Potions
 d - a potion of might
 p - 3 potions of cancellation
 t - 3 potions of degeneration
 u - 3 potions of lignification
 w - 2 potions of flight
 L - 3 potions of mutation


   Skills:
 + Level 12.3 Fighting
 + Level 13.1 Axes
 * Level 14.1 Armour
 - Level 7.2 Shields
 + Level 10.7 Invocations


You had 12 spell levels left.
You didn't know any spells.
Your spell library contained the following spells:

 Spells                   Type           Power        Failure   Level
 Sandblast                Erth           0%           100%        1
 Summon Small Mammal      Summ           0%           100%        1
 Call Imp                 Summ           0%           100%        2
 Passwall                 Tmut/Erth      0%           100%        2
 Call Canine Familiar     Summ           0%           100%        3
 Stone Arrow              Conj/Erth      0%           100%        3
 Summon Guardian Golem    Hex/Summ       0%           100%        3
 Petrify                  Tmut/Erth      0%           100%        4
 Summon Ice Beast         Ice/Summ       0%           100%        4
 Summon Lightning Spire   Summ/Air       0%           100%        4
 Lee's Rapid Deconstruct  Erth           0%           100%        5


Dungeon Overview and Level Annotations

Branches:
Dungeon (15/15)            Temple (0/1) D:5            Lair (0/6) D:9
    Orc (0/2) D:9          Vaults (0/5) D:14         Bailey (visited)
 Depths: D:15

Altars:
Ashenzari
Cheibriados
Dithmenos
Elyvilon
Fedhas
Gozag
Hepliaklqana
Qazlal
Ru
Sif Muna
Trog
Vehumet
Wu Jian
Yredelemnul
Zin

Annotations:
D:1 exclusion: downstairs
D:7 Joseph
D:11 3 runed translucent doors, Erolcha, Snorg


Message History

The green death is pulled toward you!
You feel very sick. The green death gestures at you.
The blast of poison engulfs you!
You are lethally poisoned!
* * * LOW HITPOINT WARNING * * *
The green death is pulled toward you! The rakshasa is pulled toward you!
You are engulfed in poison gas.
You are more poisoned.
* * * LOW HITPOINT WARNING * * *
x2 You feel very sick.
The lich touches you but does no damage.
You are engulfed in poison gas.
You are more poisoned.
* * * LOW HITPOINT WARNING * * *
x2 You feel extremely sick.
A spatial vortex comes into view.
The lich gestures at you while chanting.
You feel as though you will be slow longer.
The spatial vortex moves out of view.
The lich is pulled toward you! The green death is pulled toward you!
You bump into the rock wall.
You are engulfed in poison gas.
You are more poisoned.
You feel less invigorated.
You feel less confused.
* * * LOW HITPOINT WARNING * * *
You feel extremely sick. The lich barely misses you.
The lich touches you but does no damage.
The spatial vortex is pulled toward you!
A spatial maelstrom comes into view.
* * * LOW HITPOINT WARNING * * *
You feel extremely sick.
The rakshasa blinks!
The spatial vortex is pulled toward you!
Number of times to repeat, then command key: You must enter the number of times for the command to repeat.
Okay, then.
Your extra speed is starting to run out.
You die...

.... . # . # .. ..
#...... { .
.#.....#.?...# .##...
#.... #.....# .###
###...# #.....#
R#..####$####..... #.
....#..........###..# ..
....#○##........... .##
. §..∩#.####@#..... .#.
#.##.#°.2L.........
..R.##☼##...##.#v.#.....
...###.##.#.##.#..# ....
.#.### .... ######.. ..?
##..#..####.# ... ..
#..#..§. ..# ...... #.§
.. ... .....
............... ...


You could see a lich (fast, invisible), a green death and a spatial vortex.

Vanquished Creatures
  A tentacled starspawn (Abyss:2)
  3 vault guards (D:14)
  Harold (D:8)
  2 centaur warriors
  A death knight (D:14)
  5 two-headed ogres
  A thrashing horror (Abyss:1)
  2 skeletal warriors (D:11)
  An unseen horror (D:14)
  Pikel (D:8)
  A necromancer (D:15)
  An orange crystal statue (D:11)
  2 orc knights
  A manticore (D:14)
  An ugly thing (D:11)
  A worldbinder (Abyss:2)
  A dire elephant zombie (Abyss:2)
  An apocalypse crab (Abyss:1)
  Maggie (D:10)
  2 ancient zymes
  A hellwing (Abyss:1)
  A troll (D:10)
  2 hornets
  3 flying skulls (D:11)
  Sigmund (D:2)
  A wraith (D:11)
  2 wyverns
  2 vampires
  A small abomination (Abyss:1)
  A steam dragon (D:9)
  A warg (D:9)
  A vampire mosquito (D:9)
  A neqoxec (Abyss:1)
  Edmund (D:6)
  A water moccasin (D:11)
  6 orc warriors
  4 sky beasts
  6 ogres
  A hornet zombie (D:8)
  3 centaurs
  2 phantoms
  A gnoll sergeant (D:6)
  A wyvern zombie (D:11)
  7 bullfrogs
  2 scorpions
  5 killer bees (D:9)
  2 wights (D:11)
  A howler monkey (D:8)
  6 bullfrog zombies
  A quasit (Abyss:1)
  3 centaur zombies
  5 hounds
  2 jellies
  An orc priest (D:10)
  5 centaur skeletons
  A gnoll shaman (D:7)
  Terence (D:3)
  An iguana (D:6)
  5 orc wizards
  7 worker ants
  A killer bee zombie (D:8)
  A hound skeleton (D:11)
  A hound zombie (D:11)
  A worker ant zombie (D:10)
  2 howler monkey skeletons
  20 adders
  23 gnolls
  A shadow imp (D:8)
  A white imp (D:5)
  2 ufetubi
  An ooze (D:6)
  An adder zombie (D:9)
  2 adder skeletons (D:4)
  3 worms
  3 dart slugs
  7 leopard geckos
  35 orcs
  A ball python (D:3)
  9 bats
  5 giant cockroaches
  12 goblins
  7 hobgoblins
  18 jackals
  12 kobolds
  5 quokkas
  5 frilled lizards
  2 gnoll zombies (D:2)
  8 rats
318 creatures vanquished.

Vanquished Creatures (collateral kills)
  A vault guard (D:14)
  An efreet (D:14)
  A water moccasin (D:11)
  An orc warrior (D:14)
  A hound (D:14)
5 creatures vanquished.

Vanquished Creatures (others)
  An orc warrior (Bailey)
  2 orc priests (D:11)
  17 orcs
  2 starspawn tentacles (Abyss:2)
  8 withered plants (D:15)
30 creatures vanquished.

Grand Total: 353 creatures vanquished

Notes
Turn   | Place    | Note
-------+----------+-------------------------------------------
     0 | D:1      | Anon1729 the Hill Orc Fighter began the quest for the Orb.
     0 | D:1      | Reached XP level 1. HP: 19/19 MP: 1/1
    76 | D:1      | Reached XP level 2. HP: 18/27 MP: 2/2
   565 | D:1      | Reached XP level 3. HP: 33/33 MP: 3/3
  1137 | D:2      | Noticed Sigmund
  1426 | D:2      | Reached XP level 4. HP: 40/40 MP: 4/4
  1611 | D:2      | Found a basalt altar of Yredelemnul.
  1741 | D:2      | Killed Sigmund
  1742 | D:2      | Reached skill level 5 in Fighting
  1742 | D:2      | Reached skill level 4 in Armour
  1742 | D:2      | Reached XP level 5. HP: 18/48 MP: 5/5
  1742 | D:2      | Reached XP level 6. HP: 21/56 MP: 6/6
  1979 | D:3      | Found a white marble altar of Elyvilon.
  2091 | D:3      | Found a sacrificial altar of Ru.
  2508 | D:3      | Reached skill level 5 in Axes
  2688 | D:3      | Noticed Terence
  2703 | D:3      | Killed Terence
  2900 | D:3      | Reached skill level 5 in Shields
  2900 | D:3      | Reached XP level 7. HP: 57/61 MP: 7/7
  2926 | D:4      | Reached skill level 5 in Armour
  3327 | D:4      | Found a glowing silver altar of Zin.
  3327 | D:4      | Found an opulent altar of Gozag.
  4014 | D:4      | Reached XP level 8. HP: 71/71 MP: 8/8
  4067 | D:5      | Entered Level 5 of the Dungeon
  4216 | D:5      | Became a worshipper of Beogh the Brigand
  4282 | D:5      | Reached skill level 6 in Armour
  4291 | D:5      | Found a snail-covered altar of Cheibriados.
  4291 | D:5      | Found a shimmering blue altar of Sif Muna.
  4489 | D:5      | Found a staircase to the Ecumenical Temple.
  4544 | D:5      | Found an ornate altar of the Wu Jian Council.
  4661 | D:5      | Found a blossoming altar of Fedhas.
  4717 | D:5      | Found a broken altar of Ashenzari.
  5089 | D:6      | Reached * piety under Beogh
  5107 | D:6      | Reached XP level 9. HP: 67/79 MP: 9/9
  5165 | D:6      | Found a stormy altar of Qazlal.
  5173 | D:6      | Reached skill level 7 in Armour
  5256 | D:6      | Noticed Edmund
  5269 | D:6      | Killed Edmund
  5722 | D:7      | Noticed Joseph
  5921 | D:7      | Reached skill level 1 in Invocations
  6191 | D:7      | Found a bloodstained altar of Trog.
  6275 | D:7      | Found a radiant altar of Vehumet.
  6439 | D:8      | Noticed Harold
  6472 | D:8      | Killed Harold
  6473 | D:8      | Reached skill level 8 in Armour
  6688 | D:8      | Found a hazy altar of Hepliaklqana.
  6989 | D:8      | Reached XP level 10. HP: 87/90 MP: 12/12
  7107 | D:9      | Noticed Pikel
  7122 | D:8      | Killed Pikel
  7122 | D:8      | Reached ** piety under Beogh
  7123 | D:8      | Reached skill level 9 in Armour
  7292 | D:9      | Found a staircase to the Orcish Mines.
  7374 | D:9      | Found a staircase to the Lair.
  7684 | D:9      | Reached skill level 5 in Invocations
  8069 | D:9      | Noticed a two-headed ogre
  8127 | D:9      | Killed a two-headed ogre
  8128 | D:9      | Reached skill level 10 in Axes
  8128 | D:9      | Reached skill level 10 in Armour
  8243 | D:9      | Noticed a cyclops
  8246 | D:9      | Noticed a two-headed ogre
  8311 | D:9      | Paralysed by a hornet for 2 turns
  8701 | D:10     | Entered Level 10 of the Dungeon
  9118 | D:10     | Noticed Maggie
  9136 | D:10     | Killed Maggie
  9148 | D:10     | Paralysed by a hornet for 2 turns
  9378 | D:10     | Found a shadowy altar of Dithmenos.
  9535 | D:10     | Reached XP level 11. HP: 99/99 MP: 15/15
  9796 | D:11     | Noticed a two-headed ogre
  9807 | D:11     | Killed a two-headed ogre
  9808 | D:11     | Reached skill level 10 in Fighting
  9809 | D:11     | Reached *** piety under Beogh
  9815 | D:11     | Found a runed translucent door.
  9856 | D:11     | Reached skill level 11 in Armour
  9876 | D:11     | Found a runed translucent door.
  9910 | D:11     | Found a runed translucent door.
  9913 | D:11     | Noticed a two-headed ogre
  9929 | D:11     | Killed a two-headed ogre
  9976 | D:11     | Noticed a skeletal warrior
  9980 | D:11     | Noticed a brown ugly thing
 10013 | D:11     | Killed a brown ugly thing
 10013 | D:11     | Gained Boldo as an ally
 10286 | D:11     | Found a runed translucent door.
 10377 | D:11     | Noticed a skeletal warrior
 10423 | D:11     | Your ally Boldo died
 10781 | D:11     | Killed a skeletal warrior
 10914 | D:11     | Noticed an orange crystal statue
 11053 | D:11     | Noticed a cyclops
 11092 | D:11     | Noticed a two-headed ogre
 11104 | D:11     | Killed an orange crystal statue
 11314 | D:11     | Noticed a centaur warrior
 11314 | D:11     | Noticed Erolcha
 11316 | D:11     | Noticed a skeletal warrior
 11316 | D:11     | Cast into level 1 of the Abyss (Erolcha)
 11345 | Abyss:1  | Noticed a thrashing horror
 11361 | Abyss:1  | Killed a thrashing horror
 11513 | Abyss:1  | Reached skill level 12 in Armour
 11573 | Abyss:1  | Noticed a lich
 11576 | Abyss:1  | Noticed a lorocyproca
 11704 | Abyss:1  | Noticed a wretched star
 11810 | Abyss:1  | Noticed a wretched star
 11872 | Abyss:2  | Noticed a worldbinder
 11876 | Abyss:2  | Noticed a bog body
 11895 | Abyss:2  | Noticed a bog body
 11895 | Abyss:2  | Noticed a bog body
 11898 | Abyss:2  | Killed a worldbinder
 12113 | Abyss:2  | Noticed a tentacled starspawn
 12121 | Abyss:2  | Killed a tentacled starspawn
 12122 | Abyss:2  | Reached XP level 12. HP: 53/110 MP: 18/18
 12125 | D:11     | Escaped the Abyss
 12643 | D:12     | You fall into a shaft and drop 3 floors!
 12643 | D:15     | Entered Level 15 of the Dungeon
 12643 | D:15     | Noticed a two-headed ogre
 12652 | D:15     | Killed a two-headed ogre
 12695 | D:15     | Noticed a two-headed ogre
 12701 | D:15     | Noticed a vampire mage
 12720 | D:15     | Killed a two-headed ogre
 12721 | D:15     | Reached skill level 13 in Armour
 12740 | D:15     | Noticed a two-headed ogre
 12759 | D:15     | Noticed a centaur warrior
 12771 | D:15     | Killed a centaur warrior
 12850 | D:14     | Found a flagged portal.
 13060 | Bailey   | Entered a bailey
 13704 | Bailey   | Identified the +4 helmet of Inviolability {rCorr Str+4
                  | Int+2 Dex-4}
 13707 | Bailey   | Identified the +4 plate armour "Looxkor" {Harm rElec rF-
                  | Dex+5}
 14155 | D:14     | Reached skill level 10 in Invocations
 14195 | D:14     | Noticed a death knight
 14204 | D:14     | Killed a death knight
 14526 | D:14     | Noticed a vault guard
 14526 | D:14     | Noticed a vault guard
 14526 | D:14     | Noticed a vault guard
 14527 | D:14     | Noticed a vault guard
 14527 | D:14     | Noticed a vault guard
 14528 | D:14     | Found a gate to the Vaults.
 14528 | D:14     | Noticed a vault guard
 14528 | D:14     | Noticed a vault guard
 14529 | D:14     | Noticed a vault guard
 14535 | D:14     | Killed a vault guard
 14549 | D:14     | Killed a vault guard
 14549 | D:14     | Was placed under penance by Beogh
 14549 | D:14     | Killed a vault guard
 14549 | D:14     | Killed a vault guard
 14550 | D:14     | Reached XP level 13. HP: 48/118 MP: 17/20
 15229 | D:11     | Reached skill level 14 in Armour
 15350 | D:11     | Noticed Snorg
 15382 | D:11     | Cast into level 1 of the Abyss (Erolcha)
 15387 | Abyss:1  | Noticed a green death
 15395 | Abyss:1  | Noticed a rakshasa
 15409 | Abyss:1  | Noticed a lich
 15424 | Abyss:1  | Noticed a white very ugly thing
 15455 | Abyss:1  | Succumbed to a green death's poison gas

Illustrated notes

Levels and vault maps discovered:
D:1:      mrwooster_arrival_arrow, layout_loops_ring, serial_bayou_pond_d,
          minmay_tromino_mix6
D:2:      minmay_chambers_of_ones, layout_rooms,
          lemuel_zombie_altar_yredelemnul, minmay_quantized, uniq_sigmund
D:3:      layout_basic, old_standard_altar, minivault_4, elyvilon_altar_4,
          uniq_terence
D:4:      layout_loops_ring, grunt_temple_overflow_gold_and_silver,
          minmay_misc_feat_tower, minmay_fractal_squares_gapless_5
D:5:      layout_loops_ring, pdpol_wu_jian_five_deadly_venoms, kennysheep_mini,
          ashenzari_conservatory_becter, gammafunk_temple_overflow_pools,
          minmay_temple_entry_statues_pillars
D:6:      layout_basic, overflow_temple_1_default, lemuel_flamethrower_2,
          uniq_edmund
D:7:      layout_rooms, lemuel_doored_altar, vehumet_crystals, uniq_joseph
D:8:      layout_basic, nzn_hepliaklqana_mist_gate, uniq_harold
D:9:      layout_basic, lair_entry_dummy, david_orc_3, grunt_tough_drop,
          uniq_pikel
D:10:     layout_basic, nicolae_dithmenos_through_a_glass_darkly, uniq_maggie
D:11:     hangedman_screamer, layout_basic, minmay_statue_crystal_thing,
          uniq_erolcha, uniq_snorg
D:12:     layout_irregular_city, serial_shops, nicolae_shop_trees,
          gauntlet_entry_generic, uniq_nergalle
D:13:     layout_small_grid
D:14:     layout_grid_maze, erik_vaults_2, lightli_bailey_entry_fortress
D:15:     gammafunk_depths_entry_grave, layout_long_grid,
          ploomutoo_gammafunk_ghost_potion_laboratory,
          minmay_misc_feat_more_columns, minivault_10,
          hangedman_cracks_in_the_wall, uniq_roxanne, uniq_josephine
Abyss:1:  base: D:11, eino_small_chamber_without_monster, base:
D:6

Skill      XL: |  1  2  3  4  5  6  7  8  9 10 11 12 13 |
---------------+----------------------------------------+-----
Axes           | 3 4 5 6 7 9 10 11 12 13 | 13.1
Fighting       | 4 5 6 7 8 9 11 12 | 12.3
Shields        | 4 5 6 7 |  7.2
Armour         | 4 5 6 8 10 12 13 14 | 14.1
Invocations    | 3 6 9 10 | 10.7

Action                   |  1- 3 |  4- 6 |  7- 9 | 10-12 | 13-15 || total
-------------------------+-------+-------+-------+-------+-------++-------
Melee: War axe           |   113 |   153 |   397 |   582 |    62 ||  1307
Invok: Convert to Beogh  |       |       |     1 |       |       ||     1
       Smiting           |       |       |       |    10 |       ||    10
Evoke: Wand              |       |       |     4 |    68 |    10 ||    82
  Use: Potion            |       |     1 |       |    19 |     4 ||    24
       Scroll            |       |       |     2 |    20 |     1 ||    23
 Stab: Distracted        |       |       |       |     1 |       ||     1
       Paralysed         |       |       |       |       |     2 ||     2
Armor: Scale mail        |    81 |    58 |       |       |       ||   139
       Crystal plate arm |       |       |   262 |   443 |    46 ||   751
       Chain mail        |       |       |    19 |       |       ||    19
Dodge: Dodged            |    62 |    59 |    27 |    77 |    23 ||   248
Block: Kite shield       |    67 |    83 |   246 |   381 |    46 ||   823

Table legend: (Time is in decaauts)
 A = Elapsed time spent in this place.
 B = Non-inter-level travel time spent in this place.
 C = Inter-level travel time spent in this place.
 D = Time resting spent in this place.
 E = Time spent auto-exploring this place.
 F = Levels seen in this place.
 G = Mean time per level.
                   A        B        C        D        E       F      G
               +--------+--------+--------+--------+--------+-----+--------+
         Total |  15775 |  15418 |    357 |   5030 |   6328 |  19 |  830.3 |
       Dungeon |  14171 |  13814 |    357 |   4225 |   6283 |  15 |  944.7 |
         Abyss |    882 |    882 |      0 |    437 |     45 |   3 |  294.0 |
        Bailey |    721 |    721 |      0 |    368 |      0 |   1 |  721.0 |
               +--------+--------+--------+--------+--------+-----+--------+

Top non-repeatable levels by time:
    D:11: 1852 daAuts
    D:10: 1821 daAuts
     D:9: 1600 daAuts
     D:4: 1200 daAuts
     D:6: 1151 daAuts
     D:2: 1137 daAuts
    D:14: 1043 daAuts
     D:3: 995 daAuts
     D:1: 925 daAuts
     D:5: 837 daAuts
  Bailey: 721 daAuts
     D:8: 715 daAuts
 Abyss:1: 586 daAuts
     D:7: 432 daAuts
 Abyss:2: 295 daAuts
